 Dungeon Crawl Stone Soup version 0.22-a0-346-ga714374 (webtiles) character file.

1111 xccam the Protected (level 8, -5/58 HPs)
             Began as a Gnoll Wanderer on Apr 6, 2018.
             Was an Initiate of Qazlal.
             Slain by an ogre
             ... wielding a +0 giant club
              (15 damage)
             ... on level 5 of the Dungeon.
             The game lasted 00:06:18 (3918 turns).

xccam the Protected (Gnoll Wanderer)                Turns: 3918, Time: 00:06:19

Health: -5/58      AC:  9    Str: 17    XL:     8   Next: 33%
Magic:  21/21      EV: 11    Int: 17    God:    Qazlal [......]
Gold:   159        SH:  5    Dex: 14    Spells: 13/13 levels left

rFire    . . .     SeeInvis .   t - +0 war axe
rCold    . . .     Gourm    .   x - +0 buckler
rNeg     . . .     Faith    .   g - +0 scale mail (curse)
rPois    .         Spirit   .   (no helmet)
rElec    .         Reflect  .   y - +0 cloak
rCorr    .         Harm     .   (no gloves)
MR       .....                  (no boots)
Stlth    ++........             (no amulet)
HPRegen  0.19/turn              n - ring of magical power
MPRegen  0.17/turn              c - +2 ring of intelligence

@: no status effects
A: distributed training, fangs 1, strong nose
a: Renounce Religion


You were on level 5 of the Dungeon.
You worshipped Qazlal.
Qazlal was noncommittal.
You were not hungry.

You visited 1 branch of the dungeon, and saw 5 of its levels.

You collected 159 gold pieces.

Inventory:

Hand Weapons
 b - a +0 scimitar
 e - a +0 spear of venom
 t - a +0 war axe (weapon)
Armour
 g - a cursed +0 scale mail (worn)
 x - a +0 buckler (worn)
 y - a +0 cloak (worn)
Jewellery
 c - a +2 ring of intelligence (right hand)
 n - a ring of magical power (left hand)
 u - an uncursed ring of ice
Scrolls
 a - a scroll of random uselessness {unknown}
 j - 6 scrolls of amnesia {unknown}
 m - 3 scrolls of remove curse {unknown}
 o - 3 scrolls of identify {unknown}
 r - a scroll of fog {unknown}
 s - 2 scrolls of blinking {unknown}
Potions
 h - 3 potions of magic
 p - a potion of experience {unknown}
 q - a potion of flight {unknown}
 v - a potion of resistance {unknown}
 w - 2 potions of brilliance {unknown}
 z - a potion of heal wounds {unknown}
Comestibles
 d - 4 chunks of flesh
 f - 8 rations


   Skills:
 + Level 3.1 Fighting
 + Level 3.1 Short Blades
 + Level 3.1 Long Blades
 + Level 5.6 Axes
 + Level 3.1 Maces & Flails
 + Level 3.1 Polearms
 + Level 3.1 Staves
 + Level 3.1 Slings
 + Level 3.1 Bows
 + Level 5.6 Crossbows
 + Level 3.1 Throwing
 + Level 9.1 Armour
 + Level 3.1 Dodging
 + Level 5.2 Stealth
 + Level 3.1 Shields
 + Level 3.1 Unarmed Combat
 + Level 3.1 Spellcasting
 + Level 2.5 Conjurations
 + Level 2.5 Hexes
 + Level 2.5 Charms
 + Level 2.5 Summonings
 + Level 2.5 Necromancy
 + Level 2.5 Translocations
 + Level 2.5 Transmutations
 + Level 2.5 Fire Magic
 + Level 2.5 Ice Magic
 + Level 2.5 Air Magic
 + Level 2.5 Earth Magic
 + Level 2.5 Poison Magic
 + Level 3.4 Invocations
 + Level 3.1 Evocations


You had 13 spell levels left.
You didn't know any spells.

Dungeon Overview and Level Annotations

Branches:
Dungeon (5/15)
 Temple: D:4-7

Altars:
Cheibriados
Elyvilon
Hepliaklqana
Kikubaaqudgha
Nemelex Xobeh
Qazlal
Ru
Xom
Zin

Shops:
D:4 %


Innate Abilities, Weirdness & Mutations

Your experience applies equally to all skills.
You have very sharp teeth.
Your uncanny sense of smell can sniff out nearby items.


Message History

a scimitar; a glowing robe; the orc corpse of Blork the orc
b - a scimitar You butcher the orc corpse of Blork the orc.
d - 4 chunks of flesh You see here a glowing robe.
HP restored.
w - 2 pink potions (gained 1)
An ogre comes into view. It is wielding a giant club.
You completely miss the ogre. The ogre hits you with a giant club!!
You hit the ogre.
The ogre is moderately wounded.
The ogre hits you with a giant club!!
* * * LOW HITPOINT WARNING * * *
You are too injured to fight recklessly!
You are too injured to fight recklessly!
You are too injured to fight recklessly!
You hear the slow hiss of a very distant avalanche of sand.
There is a stone staircase leading up here.
The ogre hits you with a giant club!
You die...

##.###..# #.#
##.# #.# #.#
#.## #.#
...###..###.#
#.....[..#.#
#.####.#.#.#
#........#.#
#.###.###@#.#
#. #O..#
#.###.###.###
#.........#
......#.#.#
..... #.#.#
.... #.#.#
... #.#.# .#
#.#.#


You could see an ogre.

Vanquished Creatures
  The ghost of Swippen the Shield-Bearer, a novice GnFi (D:4)
  Sigmund (D:2)
  A phantom (D:4)
  Blork the orc (D:5)
  A crimson imp (D:3)
  A bullfrog skeleton (D:4)
  Crazy Yiuf (D:3)
  An orc priest (D:4)
  Natasha (D:2)
  An iguana (D:4)
  An orc wizard (D:3)
  3 worker ants (D:4)
  10 adders
  3 worms
  A dart slug (D:1)
  3 leopard geckos (D:2)
  16 orcs
  6 bats
  5 giant cockroaches
  12 goblins
  5 hobgoblins
  3 jackals (D:3)
  9 kobolds
  4 quokkas
  A ball python (D:1)
  6 frilled lizards
  A quokka skeleton (D:4)
  4 rats
103 creatures vanquished.

Notes
Turn   | Place    | Note
-------+----------+-------------------------------------------
     0 | D:1      | xccam the Gnoll Wanderer began the quest for the Orb.
     0 | D:1      | xccam set off with: a +2 dagger, a potion of haste, a +0 ring mail, a potion of lignification, a ration
     0 | D:1      | Reached XP level 1. HP: 13/13 MP: 1/1
    93 | D:1      | Reached XP level 2. HP: 19/19 MP: 2/2
   588 | D:2      | Reached XP level 3. HP: 25/25 MP: 2/3
   729 | D:2      | Found a glowing silver altar of Zin.
   840 | D:2      | Reached skill level 1 in Invocations
   990 | D:2      | Found a hazy altar of Hepliaklqana.
  1003 | D:2      | Reached skill level 1 in Fighting
  1003 | D:2      | Reached skill level 1 in Short Blades
  1003 | D:2      | Reached skill level 1 in Long Blades
  1003 | D:2      | Reached skill level 1 in Maces & Flails
  1003 | D:2      | Reached skill level 1 in Polearms
  1003 | D:2      | Reached skill level 1 in Staves
  1003 | D:2      | Reached skill level 1 in Slings
  1003 | D:2      | Reached skill level 1 in Bows
  1003 | D:2      | Reached skill level 1 in Throwing
  1003 | D:2      | Reached skill level 1 in Dodging
  1003 | D:2      | Reached skill level 1 in Shields
  1003 | D:2      | Reached skill level 1 in Unarmed Combat
  1003 | D:2      | Reached skill level 1 in Spellcasting
  1003 | D:2      | Reached skill level 1 in Evocations
  1021 | D:2      | Noticed Natasha
  1026 | D:2      | Killed Natasha
  1026 | D:2      | Reached XP level 4. HP: 23/32 MP: 5/5
  1220 | D:2      | Reached skill level 1 in Conjurations
  1220 | D:2      | Reached skill level 1 in Hexes
  1220 | D:2      | Reached skill level 1 in Charms
  1220 | D:2      | Reached skill level 1 in Summonings
  1220 | D:2      | Reached skill level 1 in Necromancy
  1220 | D:2      | Reached skill level 1 in Translocations
  1220 | D:2      | Reached skill level 1 in Transmutations
  1220 | D:2      | Reached skill level 1 in Fire Magic
  1220 | D:2      | Reached skill level 1 in Ice Magic
  1220 | D:2      | Reached skill level 1 in Air Magic
  1220 | D:2      | Reached skill level 1 in Earth Magic
  1220 | D:2      | Reached skill level 1 in Poison Magic
  1286 | D:2      | Noticed Sigmund
  1318 | D:2      | Killed Sigmund
  1318 | D:2      | Reached XP level 5. HP: 18/38 MP: 7/7
  1318 | D:2      | Reached XP level 6. HP: 20/44 MP: 8/8
  1796 | D:3      | Reached skill level 5 in Axes
  1796 | D:3      | Reached skill level 5 in Crossbows
  2162 | D:3      | Found a sparkling altar of Nemelex Xobeh.
  2288 | D:3      | Found a runed door.
  2426 | D:3      | Noticed Crazy Yiuf
  2430 | D:3      | Killed Crazy Yiuf
  2430 | D:3      | Reached XP level 7. HP: 46/50 MP: 10/10
  2518 | D:4      | Found a stormy altar of Qazlal.
  2521 | D:4      | Became a worshipper of Qazlal Stormbringer
  2825 | D:4      | Found a sacrificial altar of Ru.
  2826 | D:4      | Found a snail-covered altar of Cheibriados.
  2893 | D:4      | Found a shimmering altar of Xom.
  2895 | D:4      | Found a white marble altar of Elyvilon.
  2896 | D:4      | Found an ancient bone altar of Kikubaaqudgha.
  2976 | D:4      | Noticed Swippen's ghost (novice GnFi)
  3016 | D:4      | Killed Swippen's ghost
  3016 | D:4      | Reached skill level 9 in Armour
  3016 | D:4      | Reached skill level 5 in Stealth
  3016 | D:4      | Reached XP level 8. HP: 38/57 MP: 12/12
  3796 | D:4      | Found Rycasos's Food Boutique.
  3869 | D:5      | Entered Level 5 of the Dungeon
  3869 | D:5      | Noticed Blork the orc
  3881 | D:5      | Killed Blork the orc
  3918 | D:5      | Slain by an ogre

Vault maps used:
D:1:      dpeg_arrival_rhombus, st_stairs_9
D:2:      zin_scriptorium, old_standard_altar, uniq_natasha, uniq_sigmund
D:3:      first_ration, nemelex_spade_bored_becter, uniq_crazy_yiuf_cottage
D:4:      kennysheep_mini_moat, grunt_temple_overflow_open, serial_shops,
          nicolae_shop_statue_plus, kennysheep_generic_room_6
D:5:      trog_eyes_of_draining, minmay_temple_entry_nine_rooms,
          nicolae_ossuary_entry_plus, minmay_door_square, uniq_blork_the_orc

Skill      XL: |  1  2  3  4  5  6  7  8 |
---------------+-------------------------+-----
Invocations    | 1 2 3 |  3.4
Fighting       | 1 2 3 |  3.1
Short Blades   | 1 2 3 |  3.1
Long Blades    | 1 2 3 |  3.1
Maces & Flails | 1 2 3 |  3.1
Polearms       | 1 2 3 |  3.1
Staves         | 1 2 3 |  3.1
Slings         | 1 2 3 |  3.1
Bows           | 1 2 3 |  3.1
Throwing       | 1 2 3 |  3.1
Dodging        | 1 2 3 |  3.1
Shields        | 1 2 3 |  3.1
Unarmed Combat | 1 2 3 |  3.1
Spellcasting   | 1 2 3 |  3.1
Evocations     | 1 2 3 |  3.1
Conjurations   | 1 2 |  2.5
Hexes          | 1 2 |  2.5
Charms         | 1 2 |  2.5
Summonings     | 1 2 |  2.5
Necromancy     | 1 2 |  2.5
Translocations | 1 2 |  2.5
Transmutations | 1 2 |  2.5
Fire Magic     | 1 2 |  2.5
Ice Magic      | 1 2 |  2.5
Air Magic      | 1 2 |  2.5
Earth Magic    | 1 2 |  2.5
Poison Magic   | 1 2 |  2.5
Axes           | 5 |  5.6
Crossbows      | 5 |  5.6
Armour         | 9 |  9.1
Stealth        | 5 |  5.2

Action                   |  1- 3 |  4- 6 |  7- 9 || total
-------------------------+-------+-------+-------++-------
Melee: Spear             |    97 |    87 |     4 ||   188
       Bite              |     2 |    15 |    13 ||    30
       Punch             |     1 |     1 |       ||     2
       War axe           |       |   103 |   120 ||   223
  Use: Potion            |       |     3 |     7 ||    10
 Stab: Sleeping          |     7 |     1 |     2 ||    10
       Invisible         |       |       |     2 ||     2
  Eat: Chunk             |       |     3 |     1 ||     4
       Ration            |       |     1 |     1 ||     2
Armor: Ring mail         |    29 |    40 |       ||    69
       Scale mail        |       |    37 |    36 ||    73
       Skin              |       |       |     2 ||     2
Dodge: Dodged            |    31 |   103 |    50 ||   184
Block: Buckler           |       |    16 |    17 ||    33

Table legend:
 A = Spawn XP
 B = Non-spawn XP
 C = Spawn XP percentage of total XP
 D = Spawn monster count
 E = Non-spawn monster count
 F = Spawn count percentage of total count
 G = Total turns spent on level
                    A         B        C        D         E        F      G
               +---------+---------+-------+---------+---------+-------+---------
         Total |       0 |    1588 |   0.0 |       0 |     103 |   0.0 |  3918
               +---------+---------+-------+---------+---------+-------+---------
           D:1 |       0 |      33 |   0.0 |       0 |      17 |   0.0 |   576
           D:2 |       0 |     355 |   0.0 |       0 |      28 |   0.0 |  1066
           D:3 |       0 |     255 |   0.0 |       0 |      37 |   0.0 |   821
           D:4 |       0 |     846 |   0.0 |       0 |      20 |   0.0 |  1406
           D:5 |       0 |      99 |   0.0 |       0 |       1 |   0.0 |    49
               +---------+---------+-------+---------+---------+-------+---------
